 Dungeon Crawl Stone Soup version 0.23.2-40-g277498a (webtiles) character file.

Game seed: 1418174410508669804

5338 YuukiShiro the Spear-Bearer (level 10, -3/144 HPs)
             Began as a Minotaur Fighter on Oct 14, 2019.
             Was a Priest of the Shining One.
             Slain by a killer bee (5 damage)
             ... on level 9 of the Dungeon on Oct 15, 2019.
             The game lasted 00:49:59 (9037 turns).

YuukiShiro the Spear-Bearer (Minotaur Fighter)      Turns: 9037, Time: 00:49:59

Health: -3/144     AC: 13    Str: 33    XL:     10   Next: 38%
Magic:  0/10       EV:  6    Int:  5    God:    the Shining One [***...]
Gold:   406        SH: 20    Dex:  4    Spells: 9/9 levels left

rFire    + + .     SeeInvis .   a - +2 trident
rCold    + + +     Gourm    .   v - +1 large shield
rNeg     + . .     Faith    .   y - +1 chain mail "Kufaatt" {rF+ rC+++ Str+4 Dex-4}
rPois    +         Spirit   +   (helmet restricted)
rElec    +         Reflect  .   o - scarf {Spirit}
rCorr    +         Harm     .   z - +0 pair of gloves "Ryrubuf" {rElec rPois Stlth-}
MR       .....                  (no boots)
Stlth    ..........             (no amulet)
HPRegen  0.34/turn              f - ring of poison resistance
MPRegen  0.12/turn              n - ring of poison resistance

@: berserking, lethally poisoned (-3 -> -12), resistant, very slightly
contaminated, glowing, invisible (but backlit and visible), very quick
A: retaliatory headbutt, horns 2, clumsy 1, robust 1
a: Divine Shield, Renounce Religion


You were on level 9 of the Dungeon.
You worshipped the Shining One.
The Shining One was most pleased with you.
You were not hungry.

You visited 1 branch of the dungeon, and saw 9 of its levels.
You also visited: Sewer.

You collected 506 gold pieces.
You spent 100 gold pieces at shops.

Inventory:

Hand Weapons
 a - a +2 trident (weapon)
Missiles
 c - 3 silver tomahawks
 s - 9 tomahawks (quivered)
Armour
 o - a scarf of spirit shield (worn)
 v - a +1 large shield (worn)
 y - the +1 chain mail "Kufaatt" (worn) {rF+ rC+++ Str+4 Dex-4}
   (You found it on level 9 of the Dungeon)

   It affects your strength (+4).
   It affects your dexterity (-4).
   It protects you from fire.
   It renders you almost immune to cold.
 z - the +0 pair of gloves "Ryrubuf" (worn) {rElec rPois Stlth-}
   (You found it on level 6 of the Dungeon)

   It insulates you from electricity.
   It protects you from poison.
   It makes you less stealthy.
Jewellery
 f - a ring of poison resistance (left hand)
 n - a ring of poison resistance (right hand)
Wands
 r - a wand of acid (7)
 x - a wand of disintegration (6)
 C - a wand of enslavement (2)
Scrolls
 b - a scroll of fear {unknown}
 h - 4 scrolls of teleportation
 i - 6 scrolls of remove curse
 l - 3 scrolls of fog
 q - 2 scrolls of blinking
 B - a scroll of torment {unknown}
Potions
 e - a potion of lignification
 g - 4 potions of curing
 j - 3 potions of brilliance
 m - a potion of cancellation
 w - a potion of flight {unknown}
Comestibles
 d - 7 rations


   Skills:
 + Level 8.0 Fighting
 + Level 11.1 Polearms
 + Level 0.7 Throwing
 + Level 9.0 Armour
 - Level 2.7 Dodging
 - Level 0.2 Stealth
 + Level 9.9 Shields
 + Level 0.4 Invocations
 + Level 1.3 Evocations


You had 9 spell levels left.
You didn't know any spells.
Your spell library contained the following spells:

 Spells                   Type           Power        Failure   Level  Hunger
 Sandblast                Erth           #.....       100%        1    ##.....
 Passwall                 Tmut/Erth      #.......     100%        2    ###....
 Stone Arrow              Conj/Erth      #.....       100%        3    ####...
 Petrify                  Tmut/Erth      #.......     100%        4    #####..
 Lee's Rapid Deconstruct  Erth           #.........   100%        5    ######.


Dungeon Overview and Level Annotations

Branches:
Dungeon (9/15)             Temple (0/1) D:6
   Lair: D:8-11         Orc: D:9-12

Altars:
Nemelex Xobeh
Ru
Vehumet
Zin
The Shining One

Shops:
D:6 *!%*


Innate Abilities, Weirdness & Mutations

You reflexively headbutt those who attack you in melee.
You have a pair of horns on your head.
You are clumsy. (Dex -2)
You are robust. (+10% HP)


Message History

The killer bee rages.
The killer bee stings you.
* * * LOW HITPOINT WARNING * * *
Unknown command.
Unknown command.
You are too berserk!
You puncture the queen bee! Your headbutt misses the queen bee.
The queen bee is moderately wounded.
* * * LOW HITPOINT WARNING * * *
You feel sick. The killer bee stings you.
* * * LOW HITPOINT WARNING * * *
You block the queen bee's attack.
* * * LOW HITPOINT WARNING * * *
You feel sick. The killer bee barely misses you.
You hear an angry buzzing noise.
You feel a strong urge to attack something.
You block the killer bee's attack.
* * * LOW HITPOINT WARNING * * *
You feel sick. The killer bee stings you.
You die... ##### ########### #......# %.... #.........# #......# yy....

#.........# #......#
..%.y%### #.........#
#<.....# y%...yy.#
#.........# #...[..+
%yy..%#y###.........#
+......# ..y.y
#yyy#.........#
#......# ....
###.yy.y......+
#......# ###
###y.y@.....#
#......# ####(######
#......# ##.(#
####'### #..## #..#
##'####### #.##
#........# ###'####
#........# #.......
#........# #.......
#..>...†.### #.......


You could see a queen bee and 8 killer bees.

Vanquished Creatures
  A two-headed ogre (D:8)
  A queen bee (D:8)
  A hippogriff (D:7)
  3 hogs (D:8)
  A human (D:8)
  A water moccasin (D:8)
  An orc warrior (D:8)
  3 ice beasts
  A sky beast (D:5)
  2 ogres
  2 black bears
  3 centaurs
  A phantom (D:4)
  A necrophage (D:8)
  7 big kobolds (Sewer)
  3 bullfrogs
  A wyvern skeleton (D:7)
  2 scorpions
  7 killer bees
  A howler monkey (D:5)
  A bullfrog zombie (D:5)
  6 crimson imps
  A bullfrog skeleton (D:4)
  A jelly (D:6)
  6 orc wizards
  2 orc priests (D:6)
  4 hounds
  3 iguanas
  8 worker ants
  A worker ant zombie (D:6)
  3 gnolls (D:5)
  14 adders
  2 river rats (Sewer)
  2 shadow imps
  5 oozes
  An adder zombie (D:6)
  An adder skeleton (D:7)
  10 worms
  3 dart slugs
  8 leopard geckos
  28 orcs
  6 ball pythons
  6 giant cockroaches
  7 goblins
  6 hobgoblins
  5 jackals
  14 kobolds
  4 quokkas
  9 bats
  7 frilled lizards
  A leopard gecko skeleton (D:5)
  14 rats
232 creatures vanquished.

Notes
Turn   | Place    | Note
-------+----------+-------------------------------------------
     0 | D:1      | YuukiShiro the Minotaur Fighter began the quest for the
                  | Orb.
     0 | D:1      | Reached XP level 1. HP: 19/19 MP: 0/0
    97 | D:1      | Reached XP level 2. HP: 25/27 MP: 1/1
   365 | D:1      | Gained mutation: Scrolls take you a little longer to read.
                  | [potion of mutation]
   365 | D:1      | Gained mutation: Your system is resistant to poisons.
                  | (rPois) [potion of mutation]
   589 | D:1      | Lost mutation: Your system is resistant to poisons. (rPois)
                  | [potion of mutation]
   589 | D:1      | Lost mutation: Scrolls take you a little longer to read.
                  | [potion of mutation]
   589 | D:1      | Gained mutation: You are clumsy. (Dex -2) [potion of
                  | mutation]
   589 | D:1      | Gained mutation: You are robust. (+10% HP) [potion of
                  | mutation]
   876 | D:1      | Reached XP level 3. HP: 36/36 MP: 2/2
  1317 | D:2      | Reached skill level 3 in Polearms
  1406 | D:2      | Found a radiant altar of Vehumet.
  1542 | D:2      | Found a glowing golden altar of the Shining One.
  1689 | D:2      | Became a worshipper of the Shining One
  1716 | D:2      | Reached XP level 4. HP: 36/44 MP: 3/3
  1986 | D:2      | Found a glowing silver altar of Zin.
  2306 | D:3      | Reached skill level 4 in Polearms
  2407 | D:3      | Found a glowing drain.
  2416 | Sewer    | Entered a sewer
  2437 | Sewer    | Noticed a big kobold
  2454 | Sewer    | Killed a big kobold
  2454 | Sewer    | Reached XP level 5. HP: 51/51 MP: 4/4
  2487 | Sewer    | Reached skill level 5 in Shields
  2487 | Sewer    | Reached XP level 6. HP: 58/58 MP: 5/5
  2546 | Sewer    | Reached skill level 5 in Polearms
  2546 | Sewer    | Reached skill level 1 in Dodging
  2755 | Sewer    | Reached skill level 5 in Armour
  3030 | Sewer    | Reached * piety under the Shining One
  3034 | Sewer    | Reached skill level 5 in Fighting
  3041 | Sewer    | Reached XP level 7. HP: 67/67 MP: 4/6
  3240 | Sewer    | Reached skill level 6 in Polearms
  5236 | D:5      | Entered Level 5 of the Dungeon
  5251 | D:5      | Reached skill level 7 in Polearms
  5251 | D:5      | Reached XP level 8. HP: 74/75 MP: 7/7
  5843 | D:5      | Reached skill level 8 in Polearms
  6347 | D:6      | Reached ** piety under the Shining One
  6488 | D:6      | Found a sacrificial altar of Ru.
  6596 | D:6      | Got a pair of heavily runed gloves
  6597 | D:6      | Identified the cursed +0 pair of gloves "Ryrubuf" {rElec
                  | rPois Stlth-} (You found it on level 6 of the Dungeon)
  6663 | D:6      | Reached XP level 9. HP: 79/84 MP: 8/8
  6671 | D:6      | Found Othrorche's Assorted Antiques.
  6673 | D:6      | Found Hereicio's Food Emporium.
  6689 | D:6      | Reached skill level 9 in Polearms
  6723 | D:6      | Found Viopneqigo's General Store.
  6727 | D:6      | Found Etympoc's Distillery.
  6758 | D:6      | Bought a ration for 50 gold pieces
  6758 | D:6      | Bought a ration for 50 gold pieces
  6805 | D:6      | Found a staircase to the Ecumenical Temple.
  7965 | D:8      | Noticed a two-headed ogre
  8010 | D:8      | Killed a two-headed ogre
  8010 | D:8      | Reached skill level 10 in Polearms
  8010 | D:8      | Reached skill level 1 in Evocations
  8242 | D:8      | Noticed a queen bee
  8242 | D:8      | a hog changed into a queen bee
  8250 | D:8      | Reached XP level 10. HP: 90/94 MP: 7/9
  8610 | D:8      | Found a sparkling altar of Nemelex Xobeh.
  8900 | D:9      | Got an ichor-stained chain mail
  8912 | D:9      | Identified the +1 chain mail "Kufaatt" {rF+ rC+++ Str+4
                  | Dex-4} (You found it on level 9 of the Dungeon)
  8975 | D:9      | Reached skill level 11 in Polearms
  9022 | D:9      | Reached *** piety under the Shining One
  9034 | D:9      | HP: 7/144 [poisoned by a queen bee]
  9034 | D:9      | HP: 3/144 [killer bee (4)]
  9037 | D:9      | Slain by a killer bee

Skill      XL: |  1  2  3  4  5  6  7  8  9 10 |
---------------+-------------------------------+-----
Fighting       | 4 5 6 7 8 |  8.0
Shields        | 4 5 6 7 9 |  9.9
Armour         | 4 5 6 7 8 9 |  9.0
Polearms       | 3 4 5 7 8 10 11 | 11.1
Dodging        | 1 2 |  2.7
Evocations     | 1 |  1.3
Throwing       | |  0.7
Stealth        | |  0.2
Invocations    | |  0.4

Action                   |  1- 3 |  4- 6 |  7- 9 | 10-12 || total
-------------------------+-------+-------+-------+-------++-------
Melee: Trident           |   105 |   142 |   418 |    94 ||   759
       Headbutt          |    14 |    23 |    57 |    12 ||   106
Throw: Tomahawk          |       |       |     4 |       ||     4
Invok: Divine Shield     |       |       |     1 |       ||     1
Evoke: Wand              |       |       |    10 |       ||    10
  Use: Potion            |     3 |       |     5 |     5 ||    13
       Scroll            |     6 |     5 |     4 |     5 ||    20
  Eat: Ration            |     2 |       |     6 |       ||     8
       Chunk             |       |       |     2 |       ||     2
Armor: Scale mail        |    55 |    42 |    99 |    13 ||   209
       Chain mail        |       |       |       |    39 ||    39
Dodge: Dodged            |    41 |    32 |    73 |    26 ||   172
Block: Shield            |    61 |    68 |    72 |       ||   201
       Large shield      |       |       |   222 |   120 ||   342
